 Dungeon Crawl Stone Soup version 0.24-a0-201-gf205589 (console) character file.

Game seed: 569563253330260012

167 bli the Skirmisher (level 5, -10/48 HPs)
             Began as a Draconian Wanderer on Mar 24, 2019.
             Was an Initiate of Trog.
             Mangled by Sigmund
             ... wielding a +0 scythe
              (16 damage)
             ... on level 3 of the Dungeon.
             The game lasted 00:10:42 (2593 turns).

bli the Skirmisher (Draconian Wanderer)             Turns: 2593, Time: 00:10:43

Health: -10/48     AC:  6    Str: 15    XL:     5   Next: 23%
Magic:  5/5        EV: 10    Int: 10    God:    Trog [......]
Gold:   141        SH:  8    Dex: 13    Spells: 4/4 levels left

rFire    . . .     SeeInvis .   u - +0 trident
rCold    . . .     Gourm    .   b - +0 shield
rNeg     . . .     Faith    .   (armour unavailable)
rPois    .         Spirit   .   (helmet restricted)
rElec    .         Reflect  .   (no cloak)
rCorr    .         Harm     +   (no gloves)
MR       .....                  (no boots)
Stlth    +.........             h - amulet of harm
HPRegen  0.16/turn              m - +1 ring of protection
MPRegen  0.09/turn              (no ring)

@: lethally poisoned (-10 -> -13), glowing
A: unfitting armour, cold-blooded, AC +5
a: Renounce Religion


You were on level 3 of the Dungeon.
You worshipped Trog.
Trog was noncommittal.
You were not hungry.

You visited 1 branch of the dungeon, and saw 3 of its levels.

You collected 141 gold pieces.

Inventory:

Hand Weapons
 a - a +0 spear
 u - a +0 trident (weapon)
Missiles
 e - 168 stones (quivered)
 l - a throwing net
Armour
 b - a +0 shield (worn)
 s - a +0 large shield
Jewellery
 h - an amulet of harm (around neck)
 m - a +1 ring of protection (left hand)
Wands
 o - a wand of enslavement (10)
Scrolls
 i - a scroll of enchant armour {unknown}
 j - a scroll of teleportation {unknown}
 p - a scroll of amnesia {unknown}
 q - 3 scrolls of fog {unknown}
 r - 3 scrolls of identify {unknown}
 v - 2 scrolls of magic mapping {unknown}
Potions
 c - a potion of curing
 g - a potion of might {unknown}
 k - 2 potions of resistance {unknown}
 n - a potion of brilliance {unknown}
 t - a potion of berserk rage {unknown}
Comestibles
 d - 9 rations
 f - 11 chunks of flesh


   Skills:
 + Level 5.4 Fighting
 + Level 2.8 Polearms
   Level 1.0 Crossbows
 + Level 0.2 Throwing
 + Level 2.0 Dodging
 + Level 1.6 Stealth
 + Level 2.6 Shields


You had 4 spell levels left.
You didn't know any spells.
Your spell library was empty.

Dungeon Overview and Level Annotations

Branches:
Dungeon (3/15)

Altars:
Trog
Zin

Annotations:
D:3 Sigmund


Innate Abilities, Weirdness & Mutations

Your plain brown scales are hard. (AC +5)
You cannot fit into any form of body armour.
You are cold-blooded and may be slowed by cold attacks.


Message History

Deactivating autopickup; reactivate with Ctrl-A.
The dart slug barely misses you. You block something's attack.
You puncture the dart slug!
You kill the dart slug!
Trog accepts your kill.
You feel sick. Something hits you but does no damage.
There is an open door here.
Items here: ) [ †† a +2 dagger of venom; a +0 leather armour; a dart slug corpse; an orc corpse You closely miss something.
You feel sick. Something hits you but does no damage.
You miss something. Something hits you!
You closely miss something.
Your tail-slap misses something.
You feel sick.
You hear some strange, mumbled words.
A magic dart appears from out of thin air!
The magic dart hits you!
* * * LOW HITPOINT WARNING * * *
You miss something. Something hits you!
* * * LOW HITPOINT WARNING * * *
You barely miss something.
You feel sick. Something hits you!
You die...

#######.## #.# #{#
#.# #.# #..#
#.##########..#
.####.......#..#..#
#........######.#..#
######.#.# #.#..#
#.{.# #.#..#
###@#######.#..#####
#8...8##............
#.....#####.##....).
###...# #.######.#
#A#.._# #.# ##.
####### ..# ## ###


You could see an angel.

Vanquished Creatures
  A worker ant (D:3)
  4 adders
  3 gnolls (D:2)
  A worm (D:2)
  4 dart slugs
  A leopard gecko (D:1)
  2 orcs (D:3)
  3 giant cockroaches
  10 hobgoblins
  4 jackals (D:2)
  8 kobolds
  2 ball pythons
  6 bats
  2 frilled lizards
  8 goblins
  7 rats
66 creatures vanquished.

Notes
Turn   | Place    | Note
-------+----------+-------------------------------------------
     0 | D:1      | bli the Draconian Wanderer began the quest for the Orb.
     0 | D:1      | bli set off with the following items: a +0 spear, a +0
                  | shield, a potion of curing, a ration
     0 | D:1      | Reached XP level 1. HP: 22/22 MP: 1/1
   125 | D:1      | Reached skill level 5 in Fighting
   125 | D:1      | Reached XP level 2. HP: 29/29 MP: 2/2
   731 | D:2      | Reached XP level 3. HP: 36/36 MP: 3/3
   806 | D:2      | Found a bloodstained altar of Trog.
   889 | D:2      | Became a worshipper of Trog the Wrathful
  1382 | D:2      | Reached XP level 4. HP: 39/42 MP: 4/4
  2297 | D:3      | Reached XP level 5. HP: 48/48 MP: 5/5
  2544 | D:3      | Noticed Sigmund
  2579 | D:3      | Noticed an angel
  2580 | D:3      | Found a glowing silver altar of Zin.
  2593 | D:3      | Mangled by Sigmund

Levels and vault maps discovered:
D:1:      scummos_arrival_simple_crosswalls, layout_basic
D:2:      layout_basic, first_ration, trog_hazing_becter
D:3:      layout_loops_ring, grunt_temple_overflow_diamond, zin_angel,
          uniq_sigmund

Skill      XL: |  1  2  3  4  5 |
---------------+----------------+-----
Fighting       | 5 |  5.4
Polearms       | 2 |  2.8
Dodging        | 2 |  2.0
Crossbows      | |  1.0
Throwing       | |  0.2
Stealth        | |  1.6
Shields        | |  2.6

Action                   |  1- 3 |  4- 6 || total
-------------------------+-------+-------++-------
Melee: Spear             |   161 |    98 ||   259
       Tailslap          |     9 |     9 ||    18
       Trident           |       |     7 ||     7
Throw: Stone             |     3 |    22 ||    25
 Stab: Sleeping          |     5 |     4 ||     9
  Eat: Chunk             |     2 |     4 ||     6
Armor: Skin              |    35 |    22 ||    57
Dodge: Dodged            |    47 |    30 ||    77
Block: Shield            |    54 |    36 ||    90

Table legend:
 A = Non-vault XP
 B = Vault XP
 C = Vault XP percentage of total XP
 D = Non-vault monster count
 E = Vault monster count
 F = Vault count percentage of total count
                 A         B        C        D         E       F
            +---------+---------+-------+---------+---------+-------
      Total |     228 |      11 |   4.6 |      60 |       6 |   9.1
            +---------+---------+-------+---------+---------+-------
        D:1 |      38 |       0 |   0.0 |      22 |       0 |   0.0
        D:2 |     103 |      11 |   9.6 |      21 |       6 |  22.2
        D:3 |      87 |       0 |   0.0 |      17 |       0 |   0.0
            +---------+---------+-------+---------+---------+-------
